Map: Babylon LE

Players

DRG

  • Race: Zerg Zerg
  • Spawn Location: 5:00

Harstem - Winner!

  • Race: Protoss Protoss
  • Spawn Location: 11:00

Event: ESL SC2 Masters 2023 Summer (Finals)

VOD

Have the link to the VOD?

Description

Time

  • Played on: June 16, 2023, 6:18 a.m.
  • Length: 17:21

All games in this series

Show
View Real Time Build Order
Export as new Build Order

DRG Zerg 

Build Orders: Hatch First, Lurkers 

Get SALT Encoding   

  12  0:00  Drone  
  13  0:12  Overlord  
  13  0:17  Drone  
  14  0:30  Drone x2  
  14  0:33  Drone  
  17  0:51  Hatchery  
  17  0:54  Drone  
  17  0:57  Drone  
  18  1:06  Drone  
  18  1:09  Extractor  
  18  1:16  Spawning Pool  
  17  1:19  Drone  
  18  1:27  Drone  
  19  1:38  Drone  
  20  1:49  Drone  
  21  1:59  Overlord  
  21  2:03  Queen x2  
  21  2:04  Zergling x2  
  26  2:11  Zergling x2  
  26  2:13  Metabolic Boost  
  26  2:14  Drone  
  28  2:21  Drone  
  29  2:25  Drone  
  30  2:32  Drone  
  30  2:36  Drone  
  32  2:38  Hatchery  
  32  2:43  Queen  
  33  2:48  Overlord  
  33  2:51  Drone  
  33  2:56  Drone  
  35  2:59  Drone  
  36  3:06  Overlord  
  36  3:09  Drone  
  36  3:11  Drone x3  
  40  3:14  Queen  
  40  3:19  Queen  
  44  3:25  Zergling x4  
  46  3:31  Zergling x2  
  46  3:32  Zergling x2  
  48  3:39  Overlord  
  48  3:41  Zergling x2  
  48  3:42  Zergling x2  
  48  3:43  Zergling x4  
  51  3:50  Queen  
  51  3:53  Queen  
  55  3:58  Zergling x10  
  55  4:00  Overlord  
  60  4:06  Zergling x4  
  62  4:15  Drone x2  
  61  4:18  Zergling x2  
  61  4:24  Evolution Chamber  
  61  4:25  Drone x3  
  61  4:30  Zergling x4  
  65  4:31  Zergling x8  
  65  4:34  Overlord  
  65  4:37  Overlord  
  69  4:43  Drone  
  65  4:49  Drone x4  
  65  4:51  Drone x2  
  68  4:52  Drone  
  68  4:54  Drone x2  
  68  4:56  Zerg Melee Weapons Level 1  
  68  4:57  Drone  
  68  4:58  Drone  
  70  5:01  Spore Crawler  
  70  5:03  Drone  
  70  5:07  Spore Crawler  
  70  5:12  Drone x4  
  70  5:13  Drone  
  71  5:19  Drone x3  
  71  5:21  Extractor, Baneling Nest  
  70  5:28  Overlord  
  70  5:35  Hatchery  
  69  5:36  Zergling x6  
  69  5:37  Zergling x6  
  75  5:45  Zergling x10  
  75  5:47  Overlord  
  80  5:54  Zergling x8  
  84  5:58  Overlord  
  84  6:01  Zergling x8  
  88  6:04  Overlord  
  88  6:06  Zergling x6  
  91  6:11  Overlord  
  91  6:17  Zergling x8  
  93  6:21  Zergling x4  
  95  6:26  Overlord  
  95  6:27  Zergling x2  
  95  6:28  Zergling x2  
  97  6:36  Zergling x10  
  102  6:43  Zergling x6  
  103  6:53  Zergling x2  
  103  6:54  Zergling x8  
  104  6:57  Drone  
  104  6:58  Drone x4, Lair  
  100  7:03  Drone  
  100  7:04  Drone x4  
  100  7:06  Drone  
  100  7:08  Drone  
  100  7:11  Zerg Ground Armor Level 1  
  100  7:13  Drone x4  
  100  7:14  Roach Warren  
  100  7:15  Spore Crawler  
  103  7:22  Overlord  
  94  7:25  Zergling x2  
  94  7:26  Zergling x10  
  94  7:28  Overlord  
  96  7:38  Drone x5  
  96  7:39  Extractor x2  
  96  7:42  Overlord x2  
  100  7:44  Zergling x10  
  100  7:47  Drone x3  
  107  7:54  Zergling x10  
  107  7:55  Glial Reconstitution  
  107  7:57  Centrifugal Hooks  
  112  7:59  Drone x3  
  112  8:00  Drone x2  
  112  8:05  Hatchery  
  114  8:09  Roach x4  
  121  8:14  Evolution Chamber  
  121  8:15  Roach x4  
  121  8:17  Overlord  
  128  8:23  Overlord  
  128  8:26  Roach x3  
  123  8:36  Drone x3  
  123  8:37  Roach x5  
  123  8:40  Zergling x2  
  123  8:41  Zergling x10  
  139  8:46  Overlord  
  139  8:50  Zerg Melee Weapons Level 2  
  139  8:53  Spore Crawler  
  138  8:57  Drone x7  
  138  8:58  Drone x4  
  138  8:59  Overlord  
  138  9:01  Overlord  
  149  9:08  Zergling x8  
  153  9:13  Zergling x12  
  157  9:19  Zergling x10  
  159  9:24  Zerg Missile Weapons Level 1  
  159  9:26  Infestation Pit  
  159  9:27  Zergling x2  
  159  9:28  Zergling x12  
  165  9:32  Roach x2  
  165  9:36  Spore Crawler  
  168  9:39  Roach x6  
  168  9:44  Zergling x14  
  187  9:47  Baneling x5  
  187  9:50  Zergling x8  
  191  9:57  Zergling x8  
  186  10:04  Zergling x14  
  187  10:19  Extractor, Hive  
  187  10:20  Hydralisk Den  
  187  10:21  Drone x9  
  188  10:22  Extractor  
  188  10:23  Extractor  
  188  10:25  Drone x3  
  189  10:34  Baneling  
  189  10:35  Baneling x12, Zergling x20  
  199  10:46  Extractor  
  198  10:54  Zergling x2  
  198  10:55  Zergling x2  
  193  11:11  Grooved Spines  
  184  11:13  Zergling x12  
  184  11:14  Lurker Den  
  189  11:19  Baneling x12  
  189  11:20  Zergling x22  
  200  11:32  Baneling x10  
  193  11:43  Zergling x24  
  193  11:46  Baneling x6  
  188  11:49  Zergling x22  
  188  11:52  Zergling x2  
  188  11:53  Queen x2  
  197  12:01  Zergling x14  
  199  12:05  Baneling x9  
  199  12:06  Baneling x6  
  199  12:07  Zergling x6  
  199  12:12  Seismic Spines  
  198  12:22  Muscular Augments  
  192  12:27  Zergling x14  
  199  12:34  Hydralisk, Hatchery  
  199  12:36  Zerg Missile Weapons Level 2  
  197  12:49  Extractor  
  196  12:58  Hydralisk x3  
  187  13:00  Zergling x14  
  196  13:11  Baneling x14, Zergling x8  
  195  13:20  Hydralisk x2  
  195  13:22  Adaptive Talons  
  185  13:27  Lurker x2  
  185  13:30  Lurker  
  181  13:36  Extractor  
  181  13:39  Overlord x3, Lurker  
  181  13:40  Overlord  
  177  13:42  Hatchery  
  174  13:54  Zergling x22  
  158  13:57  Hydralisk x4  
  165  14:02  Extractor  
  165  14:07  Hydralisk x3  
  170  14:10  Zergling x20  
  170  14:16  Lurker  
  175  14:25  Lurker x2  
  173  14:32  Lurker  
  173  14:37  Lurker  
  163  14:41  Zergling x18  
  168  14:47  Zergling x14  
  168  14:50  Lurker x3  
  164  14:55  Zergling x18  
  171  15:04  Hydralisk x3  
  171  15:05  Hydralisk  
  178  15:10  Zergling x16  
  186  15:14  Hydralisk x2  
  186  15:15  Hydralisk  
  183  15:30  Lurker  
  183  15:33  Drone x7  
  177  15:43  Lurker x3  
  177  15:46  Hydralisk x2  
  168  15:53  Lurker  
  169  16:01  Overseer  
  169  16:02  Zergling x4  
  169  16:03  Zergling x14  
  175  16:05  Extractor  
  175  16:06  Extractor  
  175  16:09  Zergling x12  
  179  16:13  Overlord  
  164  16:27  Lurker  
  165  16:36  Hydralisk x6  
  177  16:46  Zergling x16  
  181  17:02  Overlord  
  181  17:03  Overseer x3  
Show
View Real Time Build Order
Export as new Build Order

Harstem Protoss - Winner!

Build Orders: 1 Gate Expand, Oracle Opening, Zealot Archon 

Get SALT Encoding   

  12  0:00  Probe  
  13  0:12  Probe  
  14  0:18  Pylon  
  14  0:24  Probe  
  15  0:28  Assimilator  
  15  0:38  Probe (Chrono Boost)  
  16  0:44  Gateway  
  16  0:46  Probe (Chrono Boost)  
  17  0:53  Probe  
  18  1:05  Probe  
  19  1:17  Probe  
  20  1:23  Nexus  
  20  1:33  Cybernetics Core  
  20  1:36  Probe  
  21  1:42  Assimilator  
  21  1:48  Probe  
  21  1:51  Pylon  
  22  2:00  Probe  
  23  2:07  Adept (Chrono Boost)  
  23  2:12  Probe  
  23  2:13  Stargate  
  26  2:24  Probe  
  26  2:28  Warp Gate  
  26  2:29  Adept  
  27  2:36  Probe  
  30  2:37  Probe  
  31  2:48  Probe  
  31  2:49  Probe  
  33  2:59  Oracle (Chrono Boost)  
  33  3:00  Probe  
  33  3:01  Probe  
  39  3:12  Probe  
  39  3:13  Nexus  
  39  3:18  Probe  
  40  3:20  Assimilator  
  40  3:24  Pylon  
  40  3:26  Probe  
  41  3:30  Probe  
  42  3:37  Gateway  
  42  3:38  Probe  
  42  3:40  Oracle (Chrono Boost)  
  45  3:44  Probe  
  46  3:50  Probe  
  47  3:56  Probe  
  47  3:59  Twilight Council  
  47  4:02  Probe  
  49  4:08  Probe  
  50  4:14  Probe  
  50  4:16  Adept  
  53  4:18  Pylon  
  53  4:20  Probe  
  53  4:22  Shield Battery  
  52  4:26  Probe x2, Gateway  
  52  4:27  Gateway  
  54  4:32  Probe  
  54  4:34  Shield Battery  
  54  4:36  Stalker  
  54  4:38  Probe  
  58  4:39  Probe, Stalker  
  58  4:45  Probe  
  60  4:47  Shield Battery  
  60  4:50  Probe, Blink (Chrono Boost)  
  60  4:51  Probe  
  58  4:57  Probe  
  59  5:02  Probe  
  59  5:03  Probe, Stalker x2  
  65  5:08  Pylon  
  65  5:09  Probe  
  64  5:14  Probe  
  64  5:15  Probe  
  64  5:21  Probe, Stalker  
  65  5:22  Stalker  
  65  5:25  Pylon  
  65  5:26  Probe  
  70  5:29  Pylon  
  70  5:30  Stalker x2  
  70  5:35  Pylon  
  74  5:38  Probe x2  
  74  5:40  Probe  
  77  5:43  Assimilator  
  77  5:46  Stalker x2  
  81  5:50  Probe x2  
  81  5:52  Probe  
  81  5:54  Stalker x2  
  88  5:58  Assimilator  
  88  6:01  Forge  
  88  6:02  Probe  
  88  6:03  Probe, Assimilator  
  90  6:05  Probe  
  90  6:10  Stalker  
  90  6:11  Stalker  
  95  6:14  Pylon  
  96  6:18  Probe  
  96  6:23  Gateway  
  96  6:24  Gateway  
  96  6:26  Pylon, Stalker x2  
  100  6:32  Templar Archives  
  100  6:42  Stalker x2  
  100  6:46  Nexus  
  104  6:53  Probe  
  104  6:56  Stalker x2  
  104  7:00  Oracle  
  101  7:04  Photon Cannon  
  101  7:06  Gateway, Protoss Ground Weapons Level 1 (Chrono Boost)  
  101  7:07  Stalker x2  
  91  7:12  Probe  
  91  7:14  Probe  
  93  7:22  Stalker x4  
  101  7:26  Probe  
  102  7:35  Stalker x2  
  102  7:36  Pylon  
  104  7:37  Nexus, Probe  
  104  7:40  Pylon  
  104  7:42  Pylon  
  105  7:44  Probe  
  105  7:46  High Templar x2  
  105  7:47  Zealot x2  
  114  7:52  Archon  
  114  7:57  Psionic Storm  
  114  7:58  Probe  
  114  7:59  Probe  
  114  8:02  Zealot x3  
  122  8:10  Phoenix  
  122  8:11  Probe  
  122  8:12  Shield Battery  
  126  8:14  Pylon  
  126  8:16  Pylon, Photon Cannon  
  126  8:17  Pylon, Zealot  
  126  8:19  Pylon  
  124  8:34  Probe x2  
  124  8:40  Probe  
  127  8:49  Gateway  
  127  8:51  High Templar x5  
  137  8:56  Forge  
  137  8:58  Gateway x2  
  137  9:00  Probe  
  137  9:02  Gateway  
  138  9:06  Assimilator  
  138  9:08  Assimilator  
  138  9:10  Robotics Facility  
  138  9:11  Protoss Ground Weapons Level 2 (Chrono Boost)  
  138  9:14  Photon Cannon  
  138  9:20  Probe  
  138  9:21  Probe  
  140  9:30  Protoss Ground Armor Level 1 (Chrono Boost), Charge (Chrono Boost)  
  140  9:32  Zealot x7  
  154  9:43  Photon Cannon  
  154  9:45  Pylon  
  154  9:47  Pylon  
  154  9:49  Pylon  
  154  9:52  Stalker x8  
  164  10:05  Warp Prism (Chrono Boost)  
  156  10:11  Stalker  
  156  10:12  Stalker x2  
  164  10:24  Gateway  
  164  10:25  High Templar x4  
  164  10:26  Zealot x3  
  178  10:31  Archon x2  
  178  10:33  Photon Cannon  
  178  10:34  Immortal (Chrono Boost)  
  178  10:36  Photon Cannon  
  178  10:38  Photon Cannon  
  178  10:39  Zealot x3  
  188  10:57  High Templar x4  
  188  10:59  Stalker x2  
  198  11:06  Archon x2  
  198  11:08  Probe  
  199  11:12  Gateway  
  199  11:18  Gateway  
  199  11:37  Zealot x6  
  195  11:43  Zealot x3  
  195  11:45  Nexus  
  192  11:47  Pylon  
  178  12:02  Zealot x6  
  190  12:11  Observer (Chrono Boost)  
  191  12:15  Zealot x2  
  191  12:16  Zealot x2  
  198  12:28  Observer (Chrono Boost)  
  198  12:33  Protoss Ground Weapons Level 3 (Chrono Boost)  
  198  12:35  Probe  
  199  12:42  Protoss Ground Armor Level 2 (Chrono Boost)  
  187  13:00  Zealot x6  
  199  13:06  Nexus  
  199  13:08  Pylon  
  198  13:18  Probe  
  198  13:20  Zealot  
  198  13:23  Warp Prism (Chrono Boost)  
  176  13:29  Zealot x10  
  191  13:36  Probe  
  192  13:41  High Templar  
  192  13:45  Probe  
  192  13:47  Fleet Beacon  
  195  13:50  Stargate  
  195  13:53  Nexus  
  195  13:54  Pylon  
  166  13:58  High Templar x6  
  166  13:59  Zealot x4  
  182  14:04  Immortal (Chrono Boost)  
  182  14:06  Probe (Chrono Boost)  
  182  14:08  Archon  
  182  14:09  Archon  
  189  14:12  Probe x2 (Chrono Boost)  
  185  14:21  Archon  
  185  14:22  Zealot x5  
  187  14:29  Observer (Chrono Boost)  
  184  14:34  Zealot x3  
  182  14:46  Zealot x5  
  182  14:47  Immortal (Chrono Boost)  
  188  14:55  Mothership (Chrono Boost)  
  196  15:14  Zealot x2  
  200  15:22  Zealot  
  198  15:31  Zealot x6  
  198  15:32  Zealot  
  192  15:44  Carrier (Chrono Boost)  
  196  15:55  Probe (Chrono Boost)  
  197  16:06  Probe (Chrono Boost)  
  197  16:10  Carrier  
  194  16:57  Zealot x7  
  194  17:07  Zealot x3  
Tags
 
Add a new tag
Caveats
  • Supply blocks, unpowered buildings, or Contaminate may cause inaccurate times.
  • Supply counts are checked every 10 seconds.